Cogmind - Beta 15 @@@ ROGUE MODE // 2025.05.25 @ 03:53:53 Player: naththebg Result: Destroyed by C-57 Dissector with Dual-blade Saw Performance ------------- Evolutions (8) 4000 Regions Visited (15) 3000 Robots Destroyed (101) 505 Value Destroyed (3437) 3437 Prototype IDs (32) 640 Alien Tech Used (3) 600 Bonus (5750) 5750 TOTAL SCORE: 17932 Bonus ------- High Alert Combat Kills 107 Follower Combat Kills 892 Registered with UFD 300 Met Optimus in HQ 500 Met Warlord at Base 500 MAIN.C Attacked Warlord 500 Used Core Reset Matrix 3000 Friendly Fire -49 Cogmind --------- Core Integrity 0/1450 Matter 58/300 Energy 98/100 System Corruption 21% Temperature Cool (0) Movement Core (50) Location -2/Research Parts ------- > --- POWER (2) -------- (None) > --- PROPULSION (7) --- (None) > --- UTILITY (12) ----- (None) > --- WEAPON (2) ------- (None) > --- INVENTORY (5) ---- Quantum Reactor Improved Force Field Subatomic Replicator Peak State ------------ > --- POWER ------------ Fusion Reactor Fusion Reactor > --- PROPULSION ------- Cooled Gravmag System Cooled Gravmag System Improved Antigrav System Improved Gyrokinetic Inverter Antigrav Array > --- UTILITY ---------- Power Amplifier Advanced Power Amplifier Advanced Cooling System Medium Storage Unit Improved Energy Well Deep Structural Scanner Advanced Signal Interpreter Advanced Reaction Control System Hacking Suite Advanced Hacking Suite Advanced System Shield > --- WEAPON ----------- Power Sword Power Sword > --- INVENTORY -------- Experimental Cooling System Energy Well Gravity Neutralizer Improved Transmission Jammer Advanced ECM Suite Cloaking Device Improved Thermal Shield Improved Shield Generator Scatter Rocket Array Advanced Datajack [Rating: 130] Favorites ----------- Power Fusion Reactor Engine Light Ion Engine Reactor Fusion Reactor Propulsion Improved Gravmag System Treads Light Treads Leg Aluminum Leg Wheel Overtuned Scrapsphere Hover Unit Improved Gravmag System Flight Unit Q-thruster Utility Medium Storage Unit Device Deep Structural Scanner Storage Medium Storage Unit Processor Advanced Signal Interpreter Hackware Hacking Suite Weapon Power Sword Energy Gun Medium Laser Ballistic Gun Assault Rifle Ballistic Cannon Heavy Hardcell Cannon Launcher Grenade Launcher Impact Weapon Heavy Flail Slashing Weapon Power Sword Piercing Weapon Enhanced Force Lance Special Melee Weapon Advanced Datajack Build | -11 -10 -10 -10 -8 -6 -5 -5 -5 -5 -4 -4 -4 -3 -3 -2 ------- Run | Yrd Mat Min Sub Scr Fac Fac Upp Upp War Pro Fac Ext Res Qua Res Slots Evolved 16 | . . . . . 8 2 . . . . 2 . 2 . 2 Power 1 | . . . . . . . . . . . 1 . . . . Propulsion 5 | . . . . . 3 . . . . . 1 . . . 1 Utility 10 | . . . . . 5 2 . . . . . . 2 . 1 Weapon . | . . . . . . . . . . . . . . . . Parts Attached 131 | 7 8 2 . 6 46 7 1 1 2 . 7 7 11 12 14 Power 16 | 1 1 . . 1 3 . . . . . 3 . 2 2 3 Engine 9 | 1 1 . . 1 2 . . . . . . . 2 1 1 Core . | . . . . . . . . . . . . . . . . Reactor 7 | . . . . . 1 . . . . . 3 . . 1 2 Propulsion 42 | 2 2 . . 2 20 2 . . . . 1 4 1 1 7 Treads 2 | 2 . . . . . . . . . . . . . . . Leg 7 | . 2 . . 1 4 . . . . . . . . . . Wheel 1 | . . . . 1 . . . . . . . . . . . Hover 28 | . . . . . 16 2 . . . . 1 4 1 . 4 Flight 4 | . . . . . . . . . . . . . . 1 3 Utility 56 | 1 3 . . 3 18 4 1 1 1 . 3 2 8 7 4 Device 32 | . 1 . . 3 9 2 1 1 1 . . 2 7 3 2 Storage 5 | 1 1 . . . 2 . . . . . . . . 1 . Processor 9 | . 1 . . . 3 . . . . . 1 . 1 2 1 Hackware 10 | . . . . . 4 2 . . . . 2 . . 1 1 Protection . | . . . . . . . . . . . . . . . . Artifact . | . . . . . . . . . . . . . . . . Weapon 17 | 3 2 2 . . 5 1 . . 1 . . 1 . 2 . Energy Gun 3 | 1 1 . . . . . . . 1 . . . . . . Energy Cannon . | . . . . . . . . . . . . . . . . Ballistic Gun 3 | 2 1 . . . . . . . . . . . . . . Ballistic Cannon 1 | . . . . . 1 . . . . . . . . . . Launcher 3 | . . 1 . . 2 . . . . . . . . . . Special Weapon . | . . . . . . . . . . . . . . . . Impact Weapon 1 | . . . . . 1 . . . . . . . . . . Slashing Weapon 3 | . . 1 . . 1 1 . . . . . . . . . Piercing Weapon 2 | . . . . . . . . . . . . . . 2 . Special Melee Weapon 1 | . . . . . . . . . . . . 1 . . . Unidentified Prototypes 14 | . . . . . 8 . . . 2 . 1 . . 2 1 Parts Lost 57 | . 2 . . . 10 . . . . 1 1 3 11 14 15 Power 9 | . . . . . 1 . . . . . . . 4 2 2 Propulsion 16 | . 1 . . . 3 . . . . . 1 1 2 3 5 Utility 27 | . . . . . 5 . . . . 1 . 2 5 8 6 Weapon 5 | . 1 . . . 1 . . . . . . . . 1 2 Highest Loss Streak 8 | . 2 . . . 3 . . . . 1 1 3 8 8 7 To Critical Strikes 1 | . . . . . . . . . . . . 1 . . . Average Backups 9 | 3 8 9 10 9 8 9 10 10 10 10 9 10 9 9 8 Power . | . . . . . . . . . . . . . . . . Propulsion 1 | 2 4 4 3 1 1 1 2 2 2 2 . . . . . Utility 4 | . . 1 1 5 4 5 6 6 6 6 7 8 7 6 5 Weapon 1 | . 2 3 4 2 1 1 1 1 1 1 1 1 1 2 1 Tool/Special . | . . . . . . . . . . . . . . . . Unused Backups 13 | . 1 . 1 3 2 1 . . . . 1 . . . 4 Power . | . . . . . . . . . . . . . . . . Propulsion 2 | . . . 1 1 . . . . . . . . . . . Utility 6 | . 1 . . . 2 . . . . . . . . . 3 Weapon 2 | . . . . 1 . 1 . . . . . . . . . Tool/Special 3 | . . . . 1 . . . . . . 1 . . . 1 Average Slot Usage (%) 89 | . 95 100 100 100 88 96 100 100 99 76 95 94 92 61 43 Engine 6 | . 14 14 14 14 5 . . . . . . . . . . Reactor 2 | . . . . . . 5 5 5 4 . 6 10 8 3 1 Treads 1 | . 17 . . . . . . . . . . . . . . Leg 10 | . 9 28 28 28 5 . . . . . . . . . . Hover 13 | . . . . . 22 29 29 29 28 23 30 28 22 6 6 Device 15 | . 3 14 14 14 18 24 23 23 22 17 19 12 20 14 6 Storage 11 | . 14 14 14 14 8 11 11 11 11 11 10 10 9 8 7 Processor 3 | . 6 . . . 9 . . . . . 4 5 5 4 5 Hackware 6 | . . . . . 6 14 17 17 17 11 11 15 14 15 7 Energy Gun 1 | . 10 7 . . . . . . . . . . . . . Ballistic Gun 4 | . 17 . 12 14 . . . . . . . . . . . Launcher 4 | . . 11 14 14 1 . . . . 4 1 . . . . Slashing Weapon 4 | . . 8 2 . 5 8 11 11 11 5 8 9 9 2 . Peak Build Rating 130 | 6 9 11 11 19 83 93 94 95 99 78 110 120 130 104 98 Average Rating 54 | 4 7 9 8 16 57 85 93 94 94 73 101 110 125 82 64 On Entrance 58 | . 6 8 11 8 17 72 93 94 95 78 73 108 117 92 58 Naked Turns 3 | . . . . . . . . . . . . . . . 3 Heaviest Build 65 | 12 19 20 20 25 41 38 38 39 39 35 57 54 65 49 41 Greatest Support 72 | 40 40 20 20 28 64 52 52 52 52 41 64 71 72 49 67 Greatest Overweight (x) 3 | . . . . 2 1 . . . . 3 1 . . 3 2 Average Overweight (x) . | . . . . . . . . . . . . . . . . Largest Inventory Capacity 10 | 8 10 10 10 10 10 10 10 10 10 10 10 10 10 10 10 Average Capacity 9 | 6 9 10 10 10 10 10 10 10 10 10 10 10 10 9 9 Most Carried 10 | 6 10 10 10 10 10 10 10 10 10 10 10 10 10 10 10 Average Carried 9 | 4 8 9 9 9 9 9 10 10 10 10 9 10 9 8 8 Final Capacity 10 | 8 10 10 10 10 10 10 10 10 10 10 10 10 10 10 5 Final Carried 10 | 6 9 10 10 10 10 10 10 10 10 10 10 10 10 8 3 Class Distribution -------------------- 47% | Mutant 46% | Hacker-Mutant Dominant Class ---------------- Mutant | -10/Materials Mutant | -10/Mines Mutant | -10/Subcaves Mutant | -8/Scraptown Hacker-Mutant | -6/Factory Hacker-Mutant | -5/Factory Hacker-Mutant | -5/Upper Caves Hacker-Mutant | -5/Upper Caves Hacker-Mutant | -5/Warlord Hacker-Mutant | -4/Proximity Caves Hacker-Mutant | -4/Factory Hacker-Mutant | -4/Extension Hacker-Mutant | -3/Research Hacker-Mutant | -3/Quarantine Hacker-Mutant | -2/Research Resources | -11 -10 -10 -10 -8 -6 -5 -5 -5 -5 -4 -4 -4 -3 -3 -2 ----------- Run | Yrd Mat Min Sub Scr Fac Fac Upp Upp War Pro Fac Ext Res Qua Res Matter Collected 3284 | 239 463 128 . 20 1292 110 . 30 10 55 78 388 132 119 220 Remotely . | . . . . . . . . . . . . . . . . Salvage Created 4016 | . 580 202 . . 1160 59 . . . 212 84 1079 132 268 240 Parts 186 | . 20 15 . . 49 5 . . . 2 8 38 13 20 16 Haulers Intercepted 3 | . 2 . . . 1 . . . . . . . . . . Recyclers Shooed 6 | . 1 1 . . 3 . . . . . . 1 . . . Parts Field Recycled . | . . . . . . . . . . . . . . . . Retrieved Matter . | . . . . . . . . . . . . . . . . Parts Self-Destructed 4 | . . . 2 . . . . . . 2 . . . . . Prevented . | . . . . . . . . . . . . . . . . Kills | -11 -10 -10 -10 -8 -6 -5 -5 -5 -5 -4 -4 -4 -3 -3 -2 ------- Run | Yrd Mat Min Sub Scr Fac Fac Upp Upp War Pro Fac Ext Res Qua Res Combat Hostiles Destroyed 59 | . 9 4 . . 21 1 . . . . 1 8 1 8 6 Melee 14 | . . . . . 2 1 . . . . . 8 1 . 2 Guns 9 | . 9 . . . . . . . . . . . . . . AOE 36 | . . 4 . . 19 . . . . . 1 . . 8 4 Classes Destroyed 14 | . 5 3 . . 4 . . . . . . 1 . 1 . Worker 12 | . . 1 . . 2 . . . . . 5 . 3 . 1 Builder 6 | . . 1 . . 2 . . . . . . . . 3 . Tunneler 1 | . . 1 . . . . . . . . . . . . . Hauler 3 | . 2 . . . 1 . . . . . . . . . . Recycler 11 | . 2 1 . . 4 . . . . . . 3 . 1 . Mechanic 1 | . . . . . 1 . . . . . . . . . . Operator 2 | . . . . . 1 . . . . . . 1 . . . Watcher 5 | . 2 . . . 1 . . . . . . 1 . . 1 Swarmer 26 | . 3 2 . . 12 . . . . . . . . 5 4 Grunt 17 | . 6 2 . . 6 . . . . . . 3 . . . Researcher 1 | . . . . . . . . . . . . . . 1 . Sentry 6 | . . . . . 1 . . . . . 1 4 . . . Hunter 1 | . . . . . . . . . . . . 1 . . . Programmer 9 | . . . . . 2 1 . . . . . . 1 3 2 Best Kill Streak 8 | . 4 4 . . 8 1 . . . . 2 3 2 7 5 Combat Bots Only 7 | . 3 2 . . 7 1 . . . . 1 3 1 5 5 Max Kills in Single Turn 5 | . 1 3 . . 4 1 . . . . 1 1 1 5 4 Gunslinging . | . . . . . . . . . . . . . . . . Exploded 5 | . . 2 . . 4 . . . . . 1 . . 5 4 Melee 1 | . . . . . 1 1 . . . . . 1 1 . 1 Uniques/NPCs Destroyed . | . . . . . . . . . . . . . . . . Combat | -11 -10 -10 -10 -8 -6 -5 -5 -5 -5 -4 -4 -4 -3 -3 -2 -------- Run | Yrd Mat Min Sub Scr Fac Fac Upp Upp War Pro Fac Ext Res Qua Res Hostile Shots Fired 831 | . 57 11 . . 233 6 . . 18 12 7 74 108 82 223 Missed 356 | . 13 5 . . 100 4 . . 6 4 3 33 58 32 98 Hits 475 | . 44 6 . . 133 2 . . 12 8 4 41 50 50 125 Melee 11 | . . . . . . . . . 1 . . 1 . . 9 Projectile 464 | . 44 6 . . 133 2 . . 11 8 4 40 50 50 116 AOE 3 | . . . . . . . . . . . . . . . 3 Critical Strikes 23 | . 3 . . . 4 . . . 1 . . 4 . 2 9 Part Disruptions 4 | . . . . . 1 . . . 1 . . . . 1 1 Damage Taken 8660 | . 466 99 . . 1908 18 . . 156 126 85 846 919 1082 2955 Core 2695 | . . 13 . . 432 . . . 34 . . 254 231 274 1457 Absorbed by Shields 828 | . . . . . 334 20 . . 60 41 86 73 107 107 . Ignored by Resistances 144 | . . . . . 46 . . . 59 8 13 18 . . . Regen/Repaired (Parts) 156 | . . . . . 33 . . . . . . . . 123 . Core Remaining (%) 78 | 100 . . . 94 49 . . . . 96 . 77 . 55 . Volleys Fired 88 | . 46 5 . . 29 . . . . . 3 . . 4 1 Largest 2 | . 2 1 . . 1 . . . . . 1 . . 1 1 Hottest 115 | . 115 30 . . 50 . . . . . 50 . . 50 50 Shots Fired 134 | . 92 5 . . 29 . . . . . 3 . . 4 1 Gun 97 | . 92 . . . 5 . . . . . . . . . . Cannon . | . . . . . . . . . . . . . . . . Launcher 37 | . . 5 . . 24 . . . . . 3 . . 4 1 Special . | . . . . . . . . . . . . . . . . Kinetic 78 | . 73 . . . 5 . . . . . . . . . . Thermal 19 | . 19 . . . . . . . . . . . . . . Explosive 37 | . . 5 . . 24 . . . . . 3 . . 4 1 Electromagnetic . | . . . . . . . . . . . . . . . . Robot Hit Streak 9 | . 9 1 . . 4 . . . . . 2 . . 2 . Robot Miss Streak 8 | . 6 1 . . 5 . . . . . 7 . . 8 . Penetration Max . | . . . . . . . . . . . . . . . . Secondary Targets 1 | . 1 . . . . . . . . . . . . . . Max Gunslinging Chain 1 | . 1 . . . . . . . . . . . . . . Shots Hit Robots 187 | . 59 5 . . 33 1 . . . 6 9 54 10 2 8 Core Hits 210 | . 28 13 . . 65 1 . . . 2 17 19 4 44 17 Critical Kills . | . . . . . . . . . . . . . . . . Critical Parts Destroyed . | . . . . . . . . . . . . . . . . Critical Strikes 14 | . 2 1 . . 1 . . . . . . 5 2 . 3 Burn 2 | . 2 . . . . . . . . . . . . . . Sever 11 | . . 1 . . 1 . . . . . . 5 2 . 2 Impale 1 | . . . . . . . . . . . . . . . 1 Melee Attacks 250 | . . 5 . . 67 16 2 2 . 6 25 67 32 5 23 Impact 4 | . . . . . 4 . . . . . . . . . . Slashing 210 | . . 5 . . 63 16 2 2 . 6 25 50 32 . 9 Piercing 19 | . . . . . . . . . . . . . . 5 14 Sneak Attacks 46 | . . 2 . . 9 . . . . . 4 24 5 1 1 Combat Hostiles 5 | . . . . . . . . . . . . 3 2 . . Follow-up Attacks 9 | . . . . . 1 . . . . . . 7 1 . . Damage Inflicted 11050 | . 790 570 . . 3804 53 . . . 416 721 1899 671 1233 893 Guns 783 | . 783 . . . . . . . . . . . . . . Cannons . | . . . . . . . . . . . . . . . . Explosions 4506 | . . 354 . . 2269 . . . . . 261 . . 1159 463 Melee 5746 | . . 209 . . 1535 53 . . . 416 460 1899 670 74 430 Ramming 15 | . 7 7 . . . . . . . . . . 1 . . Kinetic 586 | . 586 . . . . . . . . . . . . . . Thermal 436 | . 197 . . . 239 . . . . . . . . . . Explosive 4224 | . . 354 . . 1987 . . . . . 261 . . 1159 463 Electromagnetic 43 | . . . . . 43 . . . . . . . . . . Impact 50 | . . . . . 50 . . . . . . . . . . Slashing 5453 | . . 209 . . 1485 53 . . . 416 460 1899 670 . 261 Piercing 243 | . . . . . . . . . . . . . . 74 169 Highest Corruption 21 | . . . . . . . . . 1 1 9 9 5 5 21 Average Corruption 6 | . . . . . . . . . 1 1 6 9 3 4 8 Corruption Purged . | . . . . . . . . . . . . . . . . Corruption Blocked . | . . . . . . . . . . . . . . . . Effects 33 | . . . . . . . . . . 3 . 16 . 5 9 Message Errors 5 | . . . . . . . . . . 1 . 3 . 1 . Matter Fused 12 | . . . . . . . . . . 1 . 8 . 2 1 Heat Flow Errors 4 | . . . . . . . . . . . . 1 . 1 2 Energy Discharges 3 | . . . . . . . . . . . . 2 . . 1 Data Loss (minor) 6 | . . . . . . . . . . 1 . 2 . 1 2 Misdirections 3 | . . . . . . . . . . . . . . . 3 Overload Shots . | . . . . . . . . . . . . . . . . Overflow Damage 916 | . . . . . 296 . . . . 160 105 243 16 4 92 Projectiles . | . . . . . . . . . . . . . . . . Explosions 35 | . . . . . 31 . . . . . . . . 4 . Melee 881 | . . . . . 265 . . . . 160 105 243 16 . 92 Knockbacks 1 | . . 1 . . . . . . . . . . . . . Impact 1 | . . 1 . . . . . . . . . . . . . Kinetic . | . . . . . . . . . . . . . . . . Secondary . | . . . . . . . . . . . . . . . . Self-Inflicted Damage 312 | . . 29 . . 215 . . . . . . . . 60 8 Shots 15 | . . 1 . . 9 . . . . . . . . 4 1 Rammed 2 | . . . . . . . . . . . . . 2 . . Targets Rammed 5 | . 2 1 . . . . . . . . . . 2 . . Kicked 3 | . 2 1 . . . . . . . . . . . . . Crushed . | . . . . . . . . . . . . . . . . Highest Temperature 302 | . 276 . . . 13 . . . 9 . 6 246 302 172 169 Average Temperature 78 | . 87 . . . 7 . . . 9 . 2 112 144 94 83 Received Heat Transfer 1163 | . 198 36 . . 335 . . . 75 4 8 221 87 64 135 Siege Activations . | . . . . . . . . . . . . . . . . Martial Activations . | . . . . . . . . . . . . . . . . Shielding Activations . | . . . . . . . . . . . . . . . . Robots Disrupted . | . . . . . . . . . . . . . . . . Combat Hostiles . | . . . . . . . . . . . . . . . . Robots Corrupted 1 | . . . . . 1 . . . . . . . . . . Combat Hostiles . | . . . . . . . . . . . . . . . . Parts Fried . | . . . . . . . . . . . . . . . . Impact Corruptions 2 | . . . . . 2 . . . . . . . . . . Robots Melted . | . . . . . . . . . . . . . . . . Combat Hostiles . | . . . . . . . . . . . . . . . . Parts Melted 1 | . 1 . . . . . . . . . . . . . . Heat Transferred 816 | . 666 . . . 150 . . . . . . . . . . Parts Sabotaged 6 | . . . . . . . . . 4 . . . . . 2 Parts Stolen . | . . . . . . . . . . . . . . . . Parts Stripped . | . . . . . . . . . . . . . . . . Power Chain Reactions . | . . . . . . . . . . . . . . . . Alert | -11 -10 -10 -10 -8 -6 -5 -5 -5 -5 -4 -4 -4 -3 -3 -2 ------- Run | Yrd Mat Min Sub Scr Fac Fac Upp Upp War Pro Fac Ext Res Qua Res Maximum Alert Level 4 | . . . . . 4 3 . . . . 1 2 1 . . Low Security (%) 63 | 100 100 100 . . 57 . . . . . . 35 19 100 100 Level 1 16 | . . . . . 1 2 . . . . 100 30 80 . . Level 2 4 | . . . . . 2 29 . . . . . 33 . . . Level 3 9 | . . . . . 20 68 . . . . . . . . . Level 4 5 | . . . . . 17 . . . . . . . . . . Level 5 . | . . . . . . . . . . . . . . . . High Security . | . . . . . . . . . . . . . . . . Max Security . | . . . . . . . . . . . . . . . . Peak Influence 1324 | . 115 170 . . 1324 852 . . . . 323 526 292 199 185 Initial 648 | . . 15 . . . 648 . . . . 300 118 258 51 72 Average 265 | . 47 81 . . 456 734 . . . . 278 296 229 118 36 Influence Increases 5773 | . 355 282 26 . 1948 437 . . 15 115 442 964 223 382 584 Destroy 0b10 Robot/C 1820 | . 180 140 20 . 460 160 . . . . 20 500 20 180 140 Destroy 0b10 Robot/NC 215 | . 30 20 . . 60 . . . . 10 25 25 15 20 10 Destroy Leader 306 | . 48 30 . . 84 20 . . . . 10 52 10 20 32 Allied During Kill 348 | . . 43 6 . 4 . . . . . . 274 . . 21 Trap Triggered on 0b10 20 | . 20 . . . . . . . . . . . . . . Successful Hack 95 | . 16 . . . 20 18 . . . . . 17 . . 24 Disable Machine 300 | . . 30 . . 225 . . . . . . . 15 30 . Anti-Garrison Action 350 | . . . . . 150 200 . . . . . . . . . Destroy Structure 549 | . 1 19 . . 210 24 . . . . 72 6 28 132 57 Advance Influence 300 | . . . . . . . . . . . 300 . . . . Partial Spotted 225 | . . . . . 45 15 . . . . 15 75 60 . 15 Lose Combat Pursuer 1245 | . 60 . . . 690 . . . 15 105 . 15 75 . 285 Influence Decreases 5596 | . 316 301 46 . 624 1486 143 66 76 120 200 714 622 347 535 Entered New Map 1367 | . . 24 11 . . 676 103 26 66 5 . 124 234 42 56 Time Decay 2560 | . 269 277 35 . 504 170 40 40 10 115 190 212 278 195 225 Lost Part 494 | . . . . . 100 . . . . . 10 30 110 110 134 Lost Ally 390 | . . . . . 20 40 . . . . . 210 . . 120 Purge Threat 785 | . 47 . . . . 600 . . . . . 138 . . . Squads Dispatched 40 | . 1 . . . 16 3 . . . 1 1 4 7 1 6 Investigation 19 | . 1 . . . 7 3 . . . . 1 3 4 . . Extermination 9 | . . . . . 4 . . . . . . . 2 1 2 Reinforcement 7 | . . . . . 1 . . . . . . 1 1 . 4 Assault 4 | . . . . . 3 . . . . 1 . . . . . Garrison 1 | . . . . . 1 . . . . . . . . . . Intercept . | . . . . . . . . . . . . . . . . Searches Triggered . | . . . . . . . . . . . . . . . . Construction Impeded 1 | . . . . . . . . . . . . . . . 1 Haulers Reinforced . | . . . . . . . . . . . . . . . . Active Scanning Responses . | . . . . . . . . . . . . . . . . Cargo Convoy Interrupts 2 | . . . . . 1 . . . . . . . . . 1 Stealth | -11 -10 -10 -10 -8 -6 -5 -5 -5 -5 -4 -4 -4 -3 -3 -2 --------- Run | Yrd Mat Min Sub Scr Fac Fac Upp Upp War Pro Fac Ext Res Qua Res Distress Signals 15 | . 2 . . . 3 1 . . . 1 1 2 1 1 3 Communications Jammed 1 | . . . . . . . . . . . . . 1 . . Distress Signals 1 | . . . . . . . . . . . . . 1 . . Times Spotted 316 | . 16 7 1 . 103 4 . . 15 9 7 34 49 18 53 Peak Tracking Total 28 | . 4 3 1 . 15 2 . . 15 7 7 7 18 5 28 Tactical Retreats 41 | . 2 . . . 18 1 . . 1 3 1 1 9 1 4 Traps | -11 -10 -10 -10 -8 -6 -5 -5 -5 -5 -4 -4 -4 -3 -3 -2 ------- Run | Yrd Mat Min Sub Scr Fac Fac Upp Upp War Pro Fac Ext Res Qua Res Traps Triggered 11 | . . . . . 1 . . . . . 4 3 3 . . Indirectly . | . . . . . . . . . . . . . . . . Trap Hack Attempts . | . . . . . . . . . . . . . . . . Triggered . | . . . . . . . . . . . . . . . . Disarmed . | . . . . . . . . . . . . . . . . Reprogrammed 4 | . 4 . . . . . . . . . . . . . . Reused 2 | . 2 . . . . . . . . . . . . . . Traps Extracted . | . . . . . . . . . . . . . . . . Installed . | . . . . . . . . . . . . . . . . Triggered 2 | . 2 . . . . . . . . . . . . . . Most Traps Carried 1 | . . 1 . . . . . . . . . . . . . Machines | -11 -10 -10 -10 -8 -6 -5 -5 -5 -5 -4 -4 -4 -3 -3 -2 ---------- Run | Yrd Mat Min Sub Scr Fac Fac Upp Upp War Pro Fac Ext Res Qua Res Machines Disabled 22 | . . 2 . . 16 . . 1 . . . . 1 2 . Max in Single Turn 6 | . . 1 . . 6 . . 1 . . . . 1 1 . Garrison Access 4 | . . . . . 1 1 . . . . 1 . . 1 . Machines Repaired . | . . . . . . . . . . . . . . . . Machines Dismantled . | . . . . . . . . . . . . . . . . Machines Sabotaged . | . . . . . . . . . . . . . . . . Overloaded Fab Kills . | . . . . . . . . . . . . . . . . Hacking | -11 -10 -10 -10 -8 -6 -5 -5 -5 -5 -4 -4 -4 -3 -3 -2 --------- Run | Yrd Mat Min Sub Scr Fac Fac Upp Upp War Pro Fac Ext Res Qua Res Machines Accessed 61 | . 5 . . 3 14 8 . . 2 . 4 14 5 4 2 Terminals 31 | . 5 . . . 6 4 . . . . 2 11 1 2 . Fabricators 3 | . . . . . . 1 . . . . . . 2 . . Repair Stations 4 | . . . . . 1 . . . . . . 1 . 1 1 Recycling Units 13 | . . . . . 6 2 . . . . 1 2 2 . . Scanalyzers 1 | . . . . . . . . . . . . . . . 1 Garrison Access 4 | . . . . . 1 1 . . . . 1 . . 1 . Total Hacks 177 | . 18 . . 25 34 21 . . 2 . 8 43 13 9 4 Successful 107 | . 11 . . 25 17 12 . . 2 . 2 23 7 5 3 Failed 70 | . 7 . . . 17 9 . . . . 6 20 6 4 1 Catastrophic 6 | . . . . . 1 2 . . . . 1 . 1 . 1 Database Lockouts . | . . . . . . . . . . . . . . . . Manual 84 | . 3 . . . 26 12 . . . . 5 23 13 2 . Terminals 99 | . 18 . . . 18 14 . . . . 3 35 6 5 . Fabricators 5 | . . . . . . 2 . . . . . . 3 . . Repair Stations 10 | . . . . . 2 . . . . . . 4 . 2 2 Recycling Units 23 | . . . . . 10 2 . . . . 3 4 4 . . Scanalyzers 2 | . . . . . . . . . . . . . . . 2 Garrison Access 11 | . . . . . 4 3 . . . . 2 . . 2 . Terminal Hacks 67 | . 10 . . 25 4 6 . . 2 . 1 14 4 1 . Record 20 | . . . . 20 . . . . . . . . . . . Robot Analysis 5 | . 1 . . 4 . . . . . . . . . . . Prototype ID Bank 7 | . 1 . . . . . . . . . . 5 1 . . Open Door 9 | . . . . . . . . . 2 . 1 6 . . . Branch Access Points 2 | . 1 . . . 1 . . . . . . . . . . Terminal Index 2 | . . . . . 1 . . . . . . . 1 . . Recycling Unit Index 1 | . . . . . . . . . . . . . 1 . . Alert Level 9 | . 2 . . . 2 2 . . . . . 1 1 1 . Unreport Threat 8 | . 2 . . . . 4 . . . . . 2 . . . Locate Traps 1 | . 1 . . . . . . . . . . . . . . Reprogram Traps 2 | . 2 . . . . . . . . . . . . . . Proto ID Catalog 1 | . . . . 1 . . . . . . . . . . . Fabricator Hacks 1 | . . . . . . 1 . . . . . . . . . Build 1 | . . . . . . 1 . . . . . . . . . Repair Station Hacks 7 | . . . . . 2 . . . . . . 2 . 2 1 Scan Component 4 | . . . . . 1 . . . . . . 2 . 1 . Repair 2 | . . . . . 1 . . . . . . . . 1 . Refit 1 | . . . . . . . . . . . . . . . 1 Recycling Unit Hacks . | . . . . . . . . . . . . . . . . Scanalyzer 2 | . . . . . . . . . . . . . . . 2 Insert Component 2 | . . . . . . . . . . . . . . . 2 Garrison Access Hacks 2 | . . . . . . . . . . . 1 . . 1 . Seal Access 2 | . . . . . . . . . . . 1 . . 1 . Unauthorized Hacks 28 | . 1 . . . 11 5 . . . . . 7 3 1 . Terminals 14 | . 1 . . . 5 1 . . . . . 5 1 1 . Track 1 | . . . . . 1 . . . . . . . . . . Assimilate 1 | . . . . . . . . . . . . 1 . . . Botnet 10 | . 1 . . . 4 1 . . . . . 2 1 1 . Disrupt 2 | . . . . . . . . . . . . 2 . . . Fabricators 1 | . . . . . . 1 . . . . . . . . . Fabnet 1 | . . . . . . 1 . . . . . . . . . Repair Stations . | . . . . . . . . . . . . . . . . Recycling Units 11 | . . . . . 5 2 . . . . . 2 2 . . Fedlink 11 | . . . . . 5 2 . . . . . 2 2 . . Scanalyzers . | . . . . . . . . . . . . . . . . Garrison Access 2 | . . . . . 1 1 . . . . . . . . . Reprogram 1 | . . . . . 1 . . . . . . . . . . Jam 1 | . . . . . . 1 . . . . . . . . . Data Cores Recovered . | . . . . . . . . . . . . . . . . Used . | . . . . . . . . . . . . . . . . Hacking Detections 35 | . 2 . . . 9 5 . . . . 2 8 4 4 1 Full Trace Events 3 | . . . . . 1 . . . . . 1 1 . . . Feedback Events . | . . . . . . . . . . . . . . . . Feedback Blocked 1 | . . . . . . . . . . . 1 . . . . Robot Schematics Acquired . | . . . . . . . . . . . . . . . . Robots Built 3 | . . . . . . 3 . . . . . . . . . Authchips . | . . . . . . . . . . . . . . . . Time 169 | . . . . . . 169 . . . . . . . . . Total Robot Build Rating 18 | . . . . . . 18 . . . . . . . . . Part Schematics Acquired . | . . . . . . . . . . . . . . . . Parts Built . | . . . . . . . . . . . . . . . . Authchips . | . . . . . . . . . . . . . . . . Time . | . . . . . . . . . . . . . . . . Total Part Build Rating . | . . . . . . . . . . . . . . . . Parts Repaired 2 | . . . . . 1 . . . . . . . . 1 . Time 94 | . . . . . 44 . . . . . . . . 50 . Parts Recycled . | . . . . . . . . . . . . . . . . Recycled Matter . | . . . . . . . . . . . . . . . . Retrieved Matter . | . . . . . . . . . . . . . . . . Retrieved Components . | . . . . . . . . . . . . . . . . Parts Scanalyzed . | . . . . . . . . . . . . . . . . Part Schematics Acquired . | . . . . . . . . . . . . . . . . Parts Damaged . | . . . . . . . . . . . . . . . . Bothacking | -11 -10 -10 -10 -8 -6 -5 -5 -5 -5 -4 -4 -4 -3 -3 -2 ------------ Run | Yrd Mat Min Sub Scr Fac Fac Upp Upp War Pro Fac Ext Res Qua Res Used RIF Installer . | . . . . . . . . . . . . . . . . Robots Hacked 1 | . . . . . . . . . . . . 1 . . . Non-combat . | . . . . . . . . . . . . . . . . Combat 1 | . . . . . . . . . . . . 1 . . . Robot Hacks Applied . | . . . . . . . . . . . . . . . . Relay Couplers Released 2 | . . . . . 2 . . . . . . . . . . Machine Destruction 2 | . . . . . 2 . . . . . . . . . . Fabnet Peak Effective % 3 | . . . . . . . . . . 3 3 3 1 1 . Autooverrided 1 | . . . . . . . . . . . . 1 . . . Robots Rewired 10 | . . . . . . . . . . . . 10 . . . Allies Hacked . | . . . . . . . . . . . . . . . . Hacks Repelled . | . . . . . . . . . . . . . . . . Allies | -11 -10 -10 -10 -8 -6 -5 -5 -5 -5 -4 -4 -4 -3 -3 -2 -------- Run | Yrd Mat Min Sub Scr Fac Fac Upp Upp War Pro Fac Ext Res Qua Res Total Allies 35 | . . 5 . . 1 3 . . . . . 20 . . 6 Largest Group 12 | . . 5 5 5 5 3 . . . . . 12 . . 5 Highest-Rated Group 437 | . . 86 86 86 86 90 . . . . . 437 . . 69 Highest-Rated Ally 159 | . . 31 31 31 32 30 . . . . . 159 . . 15 Total Orders . | . . . . . . . . . . . . . . . . Ally Attacks 170 | . . 8 1 . 23 18 . . . . . 113 . . 7 Total Damage 4295 | . . 139 22 . 318 406 . . . . . 3295 . . 115 Kills 33 | . . 3 1 . 3 7 . . . . . 18 . . 1 Allies Corrupted . | . . . . . . . . . . . . . . . . Allies Melted 1 | . . . . . . . . . . . . 1 . . . Intel | -11 -10 -10 -10 -8 -6 -5 -5 -5 -5 -4 -4 -4 -3 -3 -2 ------- Run | Yrd Mat Min Sub Scr Fac Fac Upp Upp War Pro Fac Ext Res Qua Res Active Infowar (turns) 4835 | . . . . 551 1490 320 81 86 261 5 322 479 527 290 423 Optics 423 | . . . . . . . . . . . . . . . 423 Sensors 953 | . . . . . . 320 81 86 259 . . . 31 176 . Structural 3541 | . . . . 551 1358 280 12 . . . 237 479 510 114 . Cloaking 456 | . . . . . . . 66 38 34 5 296 . 17 . . Jamming 14 | . . . . . . . . . . . . . 14 . . ECM 517 | . . . . . 153 39 . . . . 15 . 288 22 . Robot Analysis Total 5 | . 1 . . 4 . . . . . . . . . . . Derelict Logs Recovered 1 | . . 1 . . . . . . . . . . . . . Drone Launches 3 | . . . . 3 . . . . . . . . . . . Drone Recoveries . | . . . . . . . . . . . . . . . . Exploration | -11 -10 -10 -10 -8 -6 -5 -5 -5 -5 -4 -4 -4 -3 -3 -2 ------------- Run | Yrd Mat Min Sub Scr Fac Fac Upp Upp War Pro Fac Ext Res Qua Res Turns Passed 9232 | 83 775 676 127 1943 1959 346 81 86 263 285 389 479 617 441 682 Spaces Moved 9756 | 45 381 498 88 1345 2338 569 198 221 658 310 644 710 852 369 530 Core 44 | 4 . . . . . . . . . . . . . . 40 Treads 240 | 41 199 . . . . . . . . . . . . . . Legs 2456 | . 182 498 88 1343 345 . . . . . . . . . . Wheels 2 | . . . . 2 . . . . . . . . . . . Hover 6929 | . . . . . 1993 569 198 221 658 310 644 710 852 369 405 Flight 85 | . . . . . . . . . . . . . . . 85 Fastest Speed 33 | 50 120 120 120 90 40 36 36 36 36 38 33 35 42 51 45 Average Speed 69 | 150 140 120 120 120 56 36 36 36 36 58 40 37 42 93 99 Slowest Speed 260 | 160 160 120 120 260 120 40 36 36 45 200 111 42 52 190 150 Overloaded Moves . | . . . . . . . . . . . . . . . . Propulsion Burnouts . | . . . . . . . . . . . . . . . . Robots Hopped 1 | . . . . . . . . . . . . 1 . . . Potential Cave-ins . | . . . . . . . . . . . . . . . . Cave-ins Triggered . | . . . . . . . . . . . . . . . . Teleports 1 | . . . . . . . . . . . . . . 1 . Exploration Rate (%) 44 | 4 72 94 6 57 65 13 45 46 91 52 15 73 25 42 16 Regions Visited 15 Branch Regions 9 Pre-discovered Areas 7 | . . 1 . 5 1 . . . . . . . . . . Known Exits Taken 10 | . 1 . . . 1 1 1 1 . 1 1 1 1 1 . Unknown Exits Taken 5 | 1 . 1 1 1 . . . . 1 . . . . . . Scrap Searched 8 | . . 2 . 2 . . 1 2 . 1 . . . . . Spaces Dug 165 | . . 6 . . 65 12 2 1 . . 12 1 14 44 8 Terrain Destroyed 527 | . . 24 . . 291 12 2 1 . . 41 1 14 121 20 Melee 83 | . . . . . 31 12 2 1 . . 12 1 14 2 8 Projectile . | . . . . . . . . . . . . . . . . AOE 444 | . . 24 . . 260 . . . . . 29 . . 119 12 Terrain Rammed . | . . . . . . . . . . . . . . . . Walls Destroyed . | . . . . . . . . . . . . . . . . Machines Disabled . | . . . . . . . . . . . . . . . . Actions | -11 -10 -10 -10 -8 -6 -5 -5 -5 -5 -4 -4 -4 -3 -3 -2 --------- Run | Yrd Mat Min Sub Scr Fac Fac Upp Upp War Pro Fac Ext Res Qua Res Total 11714 | 57 525 565 109 1672 2857 685 203 224 681 402 728 862 1060 445 639 Wait 1278 | . 74 52 19 304 310 90 3 . 17 86 38 59 154 20 52 Move 9739 | 44 380 497 87 1344 2337 568 197 220 657 309 643 707 851 368 530 Hop 1 | . . . . . . . . . . . . 1 . . . Pick Up 62 | 6 9 2 1 6 18 3 . . . . 6 . 4 6 1 Fast Attach 79 | 6 3 . . . 22 1 . . 3 . 4 4 6 16 14 Attach 41 | . 1 . . . 16 2 . . . . 4 . 4 9 5 Detach 20 | . . . . . 5 . . . . . . . 1 11 3 Swap 79 | 1 5 2 1 7 28 5 1 1 2 1 8 9 7 1 . Drop 73 | . 5 1 1 9 29 2 . 1 2 . 3 3 3 5 9 Fire 88 | . 46 5 . . 29 . . . . . 3 . . 4 1 Melee 226 | . . 5 . . 63 14 2 2 . 6 19 59 28 5 23 Ram 3 | . . . . . . . . . . . . . 2 . 1 Kick 3 | . 2 1 . . . . . . . . . . . . . Crush . | . . . . . . . . . . . . . . . . Escape Stasis 16 | . . . . . . . . . . . . 16 . . . Rewire 6 | . . . . 2 . . . . . . . 4 . . . Trap . | . . . . . . . . . . . . . . . . Miscellaneous . | . . . . . . . . . . . . . . . . Route ------- -11/Scrapyard -10/Materials (discovered 3 exits: [*Mat] / *Min x2) -10/Mines (discovered 3 exits: [*Mat x2] / [*Sub]) -10/Subcaves -8/Scraptown -6/Factory (discovered 4 exits: *Fac x2 / Low x2) -5/Factory (discovered 3 exits: Fac / *Upp x2) -5/Upper Caves -5/Upper Caves (discovered 2 exits: Fac / *War) -5/Warlord -4/Proximity Caves -4/Factory -4/Extension (discovered 3 exits: *Res x2 / [*Cet]) -3/Research (discovered 5 exits: *Res x2 / Arm / *Qua x2) -3/Quarantine -2/Research History --------- Turn | Location | Event 3 | -11/Scrapyard | Discovered new exit (range 15) 84 | -11/Scrapyard | Entered Materials 328 | -10/Materials | Build established: Mutant 399 | -10/Materials | Identified exit to Mines 714 | -10/Materials | Discovered new exit (range 4) 859 | -10/Materials | Entered Mines 868 | -10/Mines | Met a Derelict bent on vengeance 870 | -10/Mines | Assisted by bots powering up and referring to "LRC-V3" 946 | -10/Mines | Learned location of Zion (-7) 994 | -10/Mines | Found a hidden stash of uninstalled traps 1032 | -10/Mines | Discovered new exit (range 7) 1081 | -10/Mines | A weapon hastily lodged in a ceiling crevice suddenly fell to the ground 1417 | -10/Mines | Discovered new exit (range 7) 1525 | -10/Mines | Discovered new exit (range 3) 1535 | -10/Mines | Entered Subcaves 1535 | -10/Subcaves | Accompanied by 5 allies 1536 | -10/Subcaves | Approached by a straggling Scientist 1542 | -10/Subcaves | Led the pair of lost Derelicts to an unsafe place 1638 | -10/Subcaves | Scientist uncovered a shortcut to Scraptown 1662 | -10/Subcaves | Entered Scraptown 1662 | -8/Scraptown | Accompanied by 5 allies 2072 | -8/Scraptown | Visited UFD Registry 2072 | -8/Scraptown | Registered with UFD as "Wavegunner" 2111 | -8/Scraptown | Visited Cartography Club 2976 | -8/Scraptown | Learned location of Recycling (-8) 2976 | -8/Scraptown | Learned 8 Research zone layouts 2976 | -8/Scraptown | Learned 16 Research zone layouts 2976 | -8/Scraptown | Learned 16 Lower Caves zone layouts 2976 | -8/Scraptown | Learned 8 Upper Caves zone layouts 2976 | -8/Scraptown | Learned 12 Upper Caves zone layouts 2976 | -8/Scraptown | Learned 24 Upper Caves zone layouts 2976 | -8/Scraptown | Learned 4 Hub_04(d) zone layouts 2976 | -8/Scraptown | Learned 4 Armory zone layouts 2976 | -8/Scraptown | Learned location of 2 exits from Factory 2976 | -8/Scraptown | Learned location of 2 exits from Research 2976 | -8/Scraptown | Learned location of 1 exit from Proximity Caves 2976 | -8/Scraptown | Learned location of Lower Caves (-6) 3054 | -8/Scraptown | Found Deep Structural Scanner 3173 | -8/Scraptown | Visited Science Guys 3217 | -8/Scraptown | Visited Observation Area 3239 | -8/Scraptown | Visited Modified Component R&D 3323 | -8/Scraptown | Visited Analyses Database 3348 | -8/Scraptown | Visited Curators Association 3387 | -8/Scraptown | Visited Research Penetration Think Tank 3417 | -8/Scraptown | Visited Scrapoid Pod Storage 3519 | -8/Scraptown | Met Optimus 3519 | -8/Scraptown | Accepted into 0bPrime 3576 | -8/Scraptown | Discovered new exit (range 9) 3605 | -8/Scraptown | Entered Factory 3605 | -6/Factory | Accompanied by 5 allies 3605 | -6/Factory | Evolved 8 slots: Propulsion x3, Utility x5 3606 | -6/Factory | Identified exit to Lower Caves 3607 | -6/Factory | Identified exit to Factory 3962 | -6/Factory | Lost 4 allies 4051 | -6/Factory | Lost 3 parts (2u1w) 4113 | -6/Factory | Found Prototype Launcher 4113 | -6/Factory | Identified Scatter Rocket Array 4220 | -6/Factory | Repaired Imp. Shield Generator 4713 | -6/Factory | Loaded intel: 8 recycling unit locations 4748 | -6/Factory | Destroyed 7 combat bots 4909 | -6/Factory | Learned location of Protoforge (-2) 5008 | -6/Factory | Build established: Hacker-Mutant 5086 | -6/Factory | Lost 3 parts (1p2n) 5337 | -6/Factory | Cargo convoy interrupted 5355 | -6/Factory | Allied Derelicts ambushed cargo convoy from Garrison Access 5355 | -6/Factory | First assault squad dispatched 5369 | -6/Factory | Lost 3 parts (1n2u) 5443 | -6/Factory | Lost 3 allies 5464 | -6/Factory | Core integrity fell below 50% 5564 | -6/Factory | Entered another Factory area 5564 | -5/Factory | Evolved 2 slots: Utility x2 5565 | -5/Factory | Identified exit to Upper Caves 5589 | -5/Factory | Loaded intel: 8 recycling unit locations 5790 | -5/Factory | Fabricated B-60 Warrior? 5899 | -5/Factory | Discovered new exit (range 10) 5910 | -5/Factory | Entered Upper Caves 5911 | -5/Upper Caves | Identified exit to Upper Caves 5991 | -5/Upper Caves | Entered another Upper Caves area 5992 | -5/Upper Caves | Identified exit to Warlord 5992 | -5/Upper Caves | Identified exit to Factory 6077 | -5/Upper Caves | Entered Warlord 6142 | -5/Warlord | Visited the Vortex Lab 6144 | -5/Warlord | Found Prototype Energy Gun 6144 | -5/Warlord | Identified Vortex Rail 6163 | -5/Warlord | Warlord's base attacked by MAIN.C 6235 | -5/Warlord | Found Prototype Device 6235 | -5/Warlord | Identified Minesniffer Drone Bay 6255 | -5/Warlord | Rebuked by Warlord 6295 | -5/Warlord | Opened side exit 6335 | -5/Warlord | Discovered new exit (range 8) 6340 | -5/Warlord | Entered Proximity Caves 6348 | -4/Proximity Caves | Attracted the attention of an 0b10 outpost 6430 | -4/Proximity Caves | Spotter reported a threat 6456 | -4/Proximity Caves | Spotter reported a threat 6593 | -4/Proximity Caves | Spotted B-86 Titan 6625 | -4/Proximity Caves | Entered Factory 6625 | -4/Factory | Evolved 2 slots: Power x1, Propulsion x1 6949 | -4/Factory | Discovered new exit (range 6) 7014 | -4/Factory | Identified exit to Extension 7014 | -4/Factory | Entered Extension 7037 | -4/Extension | Loaded intel: 2 recycling unit locations 7049 | -4/Extension | Rescued a captive Derelict 7049 | -4/Extension | Rescued a captive Derelict 7063 | -4/Extension | Rescued A7 7080 | -4/Extension | Rescued a captive Derelict 7081 | -4/Extension | Rescued a captive Derelict 7210 | -4/Extension | Spotted B-86 Titan 7219 | -4/Extension | Discovered new exit (range 17) 7219 | -4/Extension | Spotted B-86 Titan 7238 | -4/Extension | Rescued a captive Derelict 7263 | -4/Extension | Lost 3 parts (1n2u) 7267 | -4/Extension | Extracted ID and sensor layout for unrecognized location from A7's data core 7375 | -4/Extension | Rescued a captive Derelict 7386 | -4/Extension | Rescued a captive Derelict 7486 | -4/Extension | Discovered new exit (range 10) 7487 | -4/Extension | Discovered new exit (range 6) 7493 | -4/Extension | Identified exit to Research 7493 | -4/Extension | Entered Research 7493 | -3/Research | Evolved 2 slots: Utility x2 7494 | -3/Research | Identified exit to Armory 7495 | -3/Research | Identified exit to Research 7495 | -3/Research | Identified exit to Quarantine 7498 | -3/Research | Lost 5 allies 7732 | -3/Research | Discovered exit to Research (range 18) 7838 | -3/Research | Loaded intel: 5 recycling unit locations 7861 | -3/Research | Spotted B-86 Titan 7918 | -3/Research | Spotted B-86 Titan 8110 | -3/Research | Entered Quarantine 8135 | -3/Quarantine | Lost 8 parts (4p2n2u) 8148 | -3/Quarantine | Found Alien Artifact 8148 | -3/Quarantine | Identified Core Reset Matrix 8148 | -3/Quarantine | Used Core Reset Matrix 8152 | -3/Quarantine | Detected hypermatrix surge 8152 | -3/Quarantine | Sensed 14 artifacts in vicinity 8192 | -3/Quarantine | Repaired Broken Scatter Rocket Array? 8225 | -3/Quarantine | Found Hpw. Transdimensional Reconstructor 8225 | -3/Quarantine | Warped through subspace 8277 | -3/Quarantine | Lost 3 parts (1n1u1w) 8410 | -3/Quarantine | Found Subatomic Replicator 8503 | -3/Quarantine | Lost 8 parts (1p1n6u) 8545 | -3/Quarantine | Discovered exit to Research (range 5) 8551 | -3/Quarantine | Entered Research 8551 | -2/Research | Evolved 2 slots: Propulsion x1, Utility x1 9045 | -2/Research | Found Unknown Device 9045 | -2/Research | Identified Adv. Force Booster 9094 | -2/Research | Lost 5 parts (1p2n1u1w) 9135 | -2/Research | System corruption reached 10% 9167 | -2/Research | Cargo convoy interrupted 9167 | -2/Research | Spotted Executioner 9171 | -2/Research | Core integrity fell below 50% 9202 | -2/Research | Lost 7 parts (1p2n3u1w) 9207 | -2/Research | Emitted hypermatrix ping 9212 | -2/Research | Assembled emerged from beneath the floor 9224 | -2/Research | Core integrity fell below 20% 9233 | -2/Research | Destroyed by C-57 Dissector with Dual-blade Saw Last Messages --------------- 09207_ R-10 Processor collects Unknown Wheel. 09207_ U-05 Engineer lays Concrete. 09208_ K-01 Serf collects debris. 09215_ ALERT: Construction progress impeded, dispatching reinforcements to local area. 09215_ ALERT: Hostile activity reported, dispatching reinforcements to area. 09221_ System corrupted: Heat flow error (+118). 09221_ Adv. Reaction Control System severed. 09223_ Power Sword severed. 09224_ Detected hypermatrix ping. 09224_ Adv. Visual Processing Unit destroyed. 09224_ System corrupted by crushing effect (+5). 09224_ Knocked back. 09224_ C-57 Dissector destroyed. 09224_ C-57 Dissector knocked back. 09225_ Penetrated by Slug. 09227_ Adv. System Shield severed. 09228_ Slug penetrates Wall. 09230_ System Shield severed. Map ----- +----------------------------------------------------+ | ?????????????????????? #?????????????????? | | ????????????????????#?# ########??#???????? | | ???????????????????? # # ] #???????? | | ????????????????????? # # #???????? | | ??????????????????????/ # """"" =#???????? | | ??????????????????????# # """"" #???????? | | ??????????????????????# # """"" #???????? | | ??????????????????????# # """"" #???????? | | ??????????????????????# # #???????? | | ??????????????????????# # ????????? | | ??????????????????????# ##########???? | | ??????????????????????# ! #???? | | ??????????????????????# =%!/ #???? | | ????????????????####### s #???? | | ?????????????# #???? | | ?????????????# ######; # ## ### #???? | | ??????????????????# #?##?# #???? | | ??????????????????+ #????# ###+# | | ??????????????????# s""" #????# | | ??????????????????# * """ #????# | | ??????????????????#""" """ #????# | | ??????????????????#""" #????# | | ??????????????????#""" #?########### | | ??????????????????#"S """ #?# # | | ??????????????????#""c """ #?# !== # | | ??????????????????#""@ """ #?# !== / | | ??????????????????+ #?# !== # | | ??????????????????# #?# # | | ??????????????????##############?# ?# | | ?????????????????????????????????# ?# | | ?????????????????????????????????# | | ?????????????????????????????????########## | | ????????????????????????????????????????? | | ???????????????????????????????????????? | | ??????????????????????????????????????? | | ?????????????????????????????????????? | | ????????????????????????????????????? | | ???????????????????????????????????"" # | | ????????????????????????????##???? | | ????????????????????????????# ???# # | | ????????????????????????????# ??########### | | ????????????????????????????# ??# # | | ????????????????????????????# ?# # | | ????????????????????????????# ?# ?# | | ????????????????????????????# ?? ???# | | ????????????????????????????# ####+###### | | ????????????????????????????# + | | ????????????????????????????# # | | ??????????????????????# ###### | | ??????????????????????+ " | +----------------------------------------------------+ Best States ------------- Heat Dissipation 87 Energy Generation 59 Energy Capacity 900 Matter Stores 300 Matter Capacity 300 Sight Range 20 Robot Scan Range 16 Terrain Scan Density 10 ECM Strength 2 Jamming Range 14 Cloak Strength 2 Power Amplification 50 Additional Mass Support 12 Resistance: TH 25 Evasion (%) 73 Targeting Accuracy 5 Melee Accuracy 16 Recoil Reduction 2 Offensive Hacking 34 Defensive Hacking 24 Item Schematics ----------------- None Robot Schematics ------------------ None Fabricated ------------ B-60 Warrior | x3 | -5/Factory | Preloaded Repaired ---------- Imp. Shield Generator | 17% | -6/Factory Scatter Rocket Array | 12% | -3/Quarantine | Broken Alien Tech Used ----------------- Core Reset Matrix High-powered Transdimensional Reconstructor Subatomic Replicator Achievements -------------- None Challenges ------------ None Game ------ Seed SpliceTowerFocus Manual? 0 Play Time 02:06:40 Cumulative 248.4 hours Start 2025.05.25 @ 01:47:51 End 2025.05.25 @ 03:53:53 Sessions 1 Manual Loads 0 Difficulty Rogue Special Mode None Game No. 124 Rogue 124 Adventurer 0 Explorer 0 Win Type - Total 4 Types 4/0/0/0/0/0/0/0/0/0 Lore% 74 Gallery% 76 Achievement% 63 Wizard Run 0 Options --------- Layout 1 ASCII 0 Keyboard 0 Movement Mouse Keybinds 0 Fullscreen 1 Font 24/Smallcaps Map View 50x35 Zoom Use 0% Tactical HUD 1 Map Filters NONE Filters NONE Steam 1 RUN: a9ca8d96-10d2-4720-8721-5bd6f35fb4bf